 Dungeon Crawl Stone Soup version 0.29.0-7-g18a832c13a (webtiles) character file.

Game seed: 7761832523707481153

133 themarg the Shield-Bearer (level 5, -2/37 HPs)
             Began as a Gnoll Wanderer on Aug 31, 2022.
             Was an Initiate of Ashenzari.
             Slain by a jelly (3 damage)
             ... on level 4 of the Dungeon.
             The game lasted 00:10:16 (2658 turns).

themarg the Shield-Bearer (Gnoll Wanderer)          Turns: 2658, Time: 00:10:18

Health: -2/37      AC: -4    Str: 11    XL:     5   Next: 16%
Magic:  7/7        EV: 11    Int: 15    God:    Ashenzari [......]
Gold:   125        SH:  0    Dex: 16    Spells: 6/6 levels left

rFire   . . .      SeeInvis .   a - +1 dagger (flame)
rCold   . . .      Faith    .   (no shield)
rNeg    . . .      Spirit   .   d - +0 leather armour
rPois   .          Reflect  .   (no helmet)
rElec   .          Harm     .   (no cloak)
rCorr   .          Rampage  .   (no gloves)
Will    .....                   (no boots)
Stlth   +++.......              (no amulet)
HPRegen 0.12/turn               m - ring of the Tethered Adversity {AC+4, Range, Melee} (curse)
MPRegen 0.10/turn               o - +6 ring of intelligence

@: corroded
A: fangs 1, strong nose, distributed training
a: Renounce Religion, Shatter the Chains


You were on level 4 of the Dungeon.
You worshipped Ashenzari.
Ashenzari was noncommittal.
You visited 1 branch of the dungeon, and saw 4 of its levels.

You collected 125 gold pieces.

Inventory:

Hand Weapons
 a - a +1 dagger of flaming (weapon)
 b - a +0 sling
 t - a +4 whip
Missiles
 c - a datura-tipped dart
 h - 2 atropa-tipped darts (quivered)
 v - 6 poisoned darts
Armour
 d - a +0 leather armour (worn)
 e - a +0 buckler
 g - a +0 robe
Jewellery
 m - the cursed ring of the Tethered Adversity (left hand) {AC+4, Range, Melee}
   (You found it on level 2 of the Dungeon)

   [ring of protection]

   AC:        It affects your AC (+4).
   It has a curse which improves the following skills: Ranged Combat: Ranged
   Weapons and Throwing.
   Melee Combat: Short Blades, Long Blades, Axes, Maces & Flails, Polearms,
   Staves and Unarmed Combat.
 o - a +6 ring of intelligence (right hand)
Scrolls
 l - 3 scrolls of identify {unknown}
 n - 2 scrolls of noise {unknown}
 p - a scroll of fear {unknown}
 q - a scroll of poison {unknown}
 u - a scroll of enchant weapon {unknown}
Potions
 f - 6 potions of attraction
 i - a potion of magic {unknown}
 j - a potion of degeneration {unknown}
 k - 2 potions of brilliance {unknown}
 r - a potion of curing {unknown}
 s - a potion of might {unknown}
 w - a potion of ambrosia {unknown}


   Skills:
 + Level 1.4 Fighting
 + Level 1.4(1.7) Short Blades
 + Level 1.4(1.7) Long Blades
 + Level 1.4(1.7) Axes
 + Level 1.4(1.7) Maces & Flails
 + Level 1.4(1.7) Polearms
 + Level 2.9(3.3) Staves
 + Level 1.4(1.7) Ranged Weapons
 + Level 1.4(1.7) Throwing
 + Level 6.7 Armour
 + Level 1.4 Dodging
 + Level 6.1 Stealth
 + Level 6.7 Shields
 + Level 1.4(1.7) Unarmed Combat
 + Level 1.4 Spellcasting
 + Level 1.1 Conjurations
 + Level 1.1 Hexes
 + Level 1.1 Summonings
 + Level 1.1 Necromancy
 + Level 1.1 Translocations
 + Level 1.1 Transmutations
 + Level 1.1 Fire Magic
 + Level 1.1 Ice Magic
 + Level 1.1 Air Magic
 + Level 1.1 Earth Magic
 + Level 1.1 Poison Magic
 + Level 1.6 Invocations
 + Level 1.4 Evocations


You had 6 spell levels left.
You didn't know any spells.
Your spell library contained the following spells:

 Spells                   Type           Power      Damage    Failure   Level
 Conjure Flame            Conj/Fire      4%         6-21      50%         3
 Ignite Poison            Fire/Tmut/Pois 4%         N/A       50%         3
 Sticky Flame             Conj/Fire      4%         2d3       88%         4


Dungeon Overview and Level Annotations

Branches:
Dungeon (4/15)
 Temple: D:4-7

Altars:
Ashenzari

Shops:
D:2 :


Innate Abilities, Weirdness & Mutations

You have very sharp teeth.
Your uncanny sense of smell can sniff out nearby items.
Your experience applies equally to all skills.


Message History

A goblin comes into view. It is wielding a +0 dagger.
A jelly comes into view.
Your +1 dagger of flaming stops flaming.
b - a +0 sling (weapon)
Fire: b) +0 sling
Press: ? - help, Q - select action, (/) - cycle Shift-Dir - straight line, f - jelly
Aim: a jelly (wandering, hasn't noticed you, 89% to hit)
You shoot a sling bullet. The jelly quivers.
The goblin shouts!
The sling bullet hits the jelly.
The jelly is lightly wounded.
An iguana comes into view.
A jackal comes into view.
The iguana moves out of view.
Your +1 dagger of flaming bursts into flame!
a - a +1 dagger of flaming (weapon)
The jackal barks!
You hit the jelly. You burn the jelly. The acid corrodes you!
Your hands burn!
The jelly is moderately wounded.
The jelly hits you. The acid corrodes you!
You are splashed with acid!
You hit the jelly but do no damage.
Your hands burn!
You punch the jelly, but do no damage.
The jelly is moderately wounded.
The jelly misses you.
You hit the jelly but do no damage. The acid corrodes you!
Your hands burn!
Your bite misses the jelly.
The jelly is moderately wounded.
The jelly barely misses you.
You hit the jelly but do no damage.
Your hands burn!
You bite the jelly, but do no damage.
The jelly is moderately wounded.
The jelly hits you. The acid corrodes you!
You are splashed with acid!
* * * LOW HITPOINT WARNING * * *
You hit the jelly. You burn the jelly.
Your hands burn!
* * * LOW HITPOINT WARNING * * *
The jelly is heavily wounded.
The goblin hits you with a +0 dagger.
* * * LOW HITPOINT WARNING * * *
The jelly hits you.
You die...

#.#......†..†..#
#.###.##...[####
.# #.#####.# . #.#
#.# ####.# #.# #.#
...l.# #.#
#†######.....
#.#####.##....h.#
.............g#...
#######.##..@.#
#.####J.# ...∆
...# .#.. #.....
.##..#..?#### ..
.......# ##
####.#.# .##.#


You could see an iguana, a jelly, a jackal and a goblin.

Vanquished Creatures
  Jessica (D:3)
  3 adders
  2 worms (D:2)
  A dart slug (D:3)
  An orc (D:3)
  3 bats
  6 endoplasms
  4 giant cockroaches
  5 goblins
  6 hobgoblins
  11 jackals
  4 quokkas
  4 ball pythons
  2 frilled lizards
  6 kobolds
  4 rats
63 creatures vanquished.

Notes
Turn   | Place    | Note
-------+----------+-------------------------------------------
     0 | D:1      | themarg the Gnoll Wanderer began the quest for the Orb.
     0 | D:1      | themarg set off with the following items: a +0 dagger, 2
                  | atropa-tipped darts, a datura-tipped dart, a +0
                  | quarterstaff, a +0 buckler, a potion of attraction, a +0
                  | robe.
     0 | D:1      | Reached XP level 1. HP: 13/13 MP: 1/1
   194 | D:1      | Reached XP level 2. HP: 19/19 MP: 2/2
   656 | D:2      | Found a faded altar of an unknown god.
   666 | D:2      | Prayed at the altar of an unknown god.
   666 | D:2      | Became a worshipper of Ashenzari the Shackled
   745 | D:2      | Reached XP level 3. HP: 3/25 MP: 3/3
  1211 | D:2      | Reached skill level 1 in Invocations
  1309 | D:2      | Reached skill level 1 in Fighting
  1309 | D:2      | Reached skill level 1 in Short Blades
  1309 | D:2      | Reached skill level 1 in Long Blades
  1309 | D:2      | Reached skill level 1 in Axes
  1309 | D:2      | Reached skill level 1 in Maces & Flails
  1309 | D:2      | Reached skill level 1 in Polearms
  1309 | D:2      | Reached skill level 1 in Ranged Weapons
  1309 | D:2      | Reached skill level 1 in Throwing
  1309 | D:2      | Reached skill level 1 in Dodging
  1309 | D:2      | Reached skill level 1 in Unarmed Combat
  1309 | D:2      | Reached skill level 1 in Spellcasting
  1309 | D:2      | Reached skill level 1 in Evocations
  1497 | D:2      | Reached XP level 4. HP: 20/32 MP: 5/5
  1779 | D:2      | Found Olui's Book Emporium.
  2048 | D:3      | Reached skill level 1 in Conjurations
  2048 | D:3      | Reached skill level 1 in Hexes
  2048 | D:3      | Reached skill level 1 in Summonings
  2048 | D:3      | Reached skill level 1 in Necromancy
  2048 | D:3      | Reached skill level 1 in Translocations
  2048 | D:3      | Reached skill level 1 in Transmutations
  2048 | D:3      | Reached skill level 1 in Fire Magic
  2048 | D:3      | Reached skill level 1 in Ice Magic
  2048 | D:3      | Reached skill level 1 in Air Magic
  2048 | D:3      | Reached skill level 1 in Earth Magic
  2048 | D:3      | Reached skill level 1 in Poison Magic
  2184 | D:3      | Noticed Jessica
  2191 | D:3      | Killed Jessica
  2192 | D:3      | Reached XP level 5. HP: 37/37 MP: 5/7
  2658 | D:4      | HP: 1/37 [goblin/+0 dagger (3)]
  2658 | D:4      | Slain by a jelly

Illustrated notes

Levels and vault maps discovered:
D:1:      nzn_arrival_depleted_hourglass, layout_rooms
D:2:      layout_basic, serial_shops, shop, hellmonk_ecumenical_altar_zigzags,
          minmay_distorted
D:3:      layout_rooms, uniq_jessica
D:4:      layout_loops_ring, xom_confusion_cloud

Skill      XL: |  1  2  3  4 |
---------------+-------------+-----
Stealth        | 6 |  6.1
Invocations    | 1 |  1.6
Fighting       | 1 |  1.4
Short Blades   | 1 |  1.4
Long Blades    | 1 |  1.4
Axes           | 1 |  1.4
Maces & Flails | 1 |  1.4
Polearms       | 1 |  1.4
Ranged Weapons | 1 |  1.4
Throwing       | 1 |  1.4
Dodging        | 1 |  1.4
Unarmed Combat | 1 |  1.4
Spellcasting   | 1 |  1.4
Evocations     | 1 |  1.4
Conjurations   | 1 |  1.1
Hexes          | 1 |  1.1
Summonings     | 1 |  1.1
Necromancy     | 1 |  1.1
Translocations | 1 |  1.1
Transmutations | 1 |  1.1
Fire Magic     | 1 |  1.1
Ice Magic      | 1 |  1.1
Air Magic      | 1 |  1.1
Earth Magic    | 1 |  1.1
Poison Magic   | 1 |  1.1
Staves         | |  2.9
Armour         | |  6.7
Shields        | |  6.7

Action                   |  1- 3 |  4- 6 || total
-------------------------+-------+-------++-------
Melee: Dagger            |    34 |    83 ||   117
       Bite              |     2 |    11 ||    13
       Punch             |     1 |     3 ||     4
 Fire: Sling             |    71 |    54 ||   125
Invok: Curse Item        |       |     1 ||     1
Armor: Robe              |    14 |    14 ||    28
       Leather armour    |       |    17 ||    17
Dodge: Dodged            |    28 |    45 ||    73
